[Event "42nd Olympiad Baku 2016 Open"]
[Site "Baku"]
[Date "2016.09.06"]
[Round "5.10"]
[White "Vasquez Schroeder, Rodrigo"]
[Black "Omar, Noaman"]
[Result "1-0"]
[ECO "B12"]
[WhiteElo "2546"]
[BlackElo "2377"]
[Annotator ""]
[PlyCount "101"]
[EventDate "2016.??.??"]
[EventType "team-tourn"]
[EventCountry "AZE"]
[SourceTitle "playchess.com"]
[Source "ChessBase"]
[WhiteTeam "Chile"]
[BlackTeam "United Arab Emirates"]
[WhiteTeamCountry "CHI"]
[BlackTeamCountry "UAE"]
[TimeControl "40/5400+30:1800+30"]

1. e4 {(00:00)} c6 {(00:05)} 2. d4 {(00:00)} d5 {(
00:06)} 3. e5 {(00:14)} Bf5 {(00:17)} 4. h4 {(01:01)} a6 {
(00:50)} 5. c4 {(26:54)} e6 {(18:55)} 6. Nc3 {(00:
20)} h6 {(00:13)} 7. h5 {(10:54)} c5 {(17:19)} 8. g4 {
(09:50)} Bh7 {(01:09)} 9. cxd5 {(01:15)} exd5 {(01:
25)} 10. Nf3 {(06:09)} Nc6 {(01:39)} 11. Be3 {(02:29)}
cxd4 {(09:56)} 12. Nxd4 {(00:09)} Bb4 {(00:44)} 13. e6 {
(08:31)} fxe6 {(26:09)} 14. Nxe6 {(16:46)} Qe7 {(
01:36)} 15. Nd4 {(00:21)} Nf6 16. Bg2 Ne5 {(05:36)} 17. O-O {
(04:54)} Bxc3 {(00:25)} 18. Qa4+ {(01:32)} Kf7 {(
05:14)} 19. bxc3 {(00:09)} Rhd8 {(01:05)} 20. g5 {(03:00)}
hxg5 {(00:31)} 21. Bxg5 {(00:06)} Qc7 {(02:51)} 22. Bf4 {
(01:43)} Re8 {(01:14)} 23. Rfe1 {(01:27)} Be4 {(03:
02)} 24. Bh2 {(03:01)} Qd7 {(01:06)} 25. Qxd7+ {(00:38)}
Nexd7 {(00:02)} 26. Bh3 {(00:20)} Ne5 {(00:57)} 27. Bxe5 {
(00:23)} Rxe5 {(00:02)} 28. f3 {(00:16)} Rg5+ {(00:
21)} 29. Kf2 {(00:29)} Bd3 {(00:29)} 30. Ne6 {(00:47)}
Rxh5 {(00:58)} 31. Nf4 {(00:10)} Rxh3 {(00:42)} 32. Nxh3 {
(00:06)} Rc8 {(00:13)} 33. Ng5+ {(00:31)} Kg6 {(00:
45)} 34. Rg1 {(00:35)} Kf5 {(00:18)} 35. Rac1 {(01:24)}
Re8 {(00:16)} 36. Rce1 {(00:16)} Rh8 {(00:48)} 37. Ne6 {
(00:37)} Rh2+ {(00:08)} 38. Rg2 {(00:01)} Rxg2+ {(
00:35)} 39. Kxg2 {(00:01)} g5 {(00:38)} 40. a3 {(00:00)}
g4 {(00:00)} 41. fxg4+ {(04:27)} Nxg4 {(01:21)} 42. Nc5 {
(00:55)} Be4+ {(06:15)} 43. Kg3 {(00:01)} Ne5 {(02:
39)} 44. Rf1+ {(00:58)} Kg5 {(00:10)} 45. Nxb7 {(01:16)}
Nc4 {(00:11)} 46. a4 {(00:20)} a5 {(01:47)} 47. Rf8 {
(02:20)} Bc2 {(00:45)} 48. Nc5 {(00:22)} Nb6 {(01:
13)} 49. Rf2 {(05:59)} Be4 {(03:54)} 50. Rb2 {(02:47)} Nc4
{(00:26)} 51. Nxe4+ {(00:16)} 1-0

[Event "42nd Olympiad Baku 2016 Open"]
[Site "Baku"]
[Date "2016.09.06"]
[Round "5.23"]
[White "Vazquez Igarza, Renier"]
[Black "Gelashvili, Tamaz"]
[Result "0-1"]
[ECO "E33"]
[WhiteElo "2580"]
[BlackElo "2575"]
[Annotator ""]
[PlyCount "140"]
[EventDate "2016.??.??"]
[EventType "team-tourn"]
[EventCountry "AZE"]
[SourceTitle "playchess.com"]
[Source "ChessBase"]
[WhiteTeam "Spain"]
[BlackTeam "Georgia"]
[WhiteTeamCountry "ESP"]
[BlackTeamCountry "GEO"]
[TimeControl "40/5400+30:1800+30"]

1. d4 {(00:00)} Nf6 {(00:00)} 2. c4 {(00:00)} e6 {(
00:03)} 3. Nf3 {(01:38)} Nc6 {(00:08)} 4. Nc3 {(02:19)}
Bb4 {(00:09)} 5. Qc2 {(01:00)} d6 {(00:36)} 6. Bd2 {
(02:18)} O-O {(00:16)} 7. a3 {(00:22)} Bxc3 {(00:
07)} 8. Bxc3 {(00:04)} Re8 {(02:12)} 9. e3 {(00:44)} a5 {
(01:29)} 10. Be2 {(02:46)} e5 {(01:35)} 11. d5 {(
02:26)} Ne7 {(00:22)} 12. Nd2 {(00:24)} a4 {(02:51)} 13.
h3 {(03:24)} Bf5 {(09:13)} 14. e4 {(00:36)} Bg6 {(
00:41)} 15. O-O {(13:57)} c6 {(01:21)} 16. dxc6 {(02:48)}
Nxc6 {(00:07)} 17. Qd3 {(09:39)} Qe7 {(01:58)} 18. Qe3 {
(10:37)} Nd7 {(01:09)} 19. Bd3 {(01:15)} Nc5 {(00:
24)} 20. Bc2 {(00:12)} h6 {(01:59)} 21. Rad1 {(01:18)} Ne6
{(02:37)} 22. Bd3 {(05:33)} Qg5 {(02:39)} 23. Qxg5 {
(02:22)} hxg5 {(00:17)} 24. Rfe1 {(00:25)} Nc5 {(
03:15)} 25. Bc2 {(02:40)} Red8 {(11:38)} 26. Nf1 {(02:08)}
Na5 {(09:42)} 27. Nd2 {(02:15)} f6 {(01:25)} 28. Re3 {
(03:50)} b6 {(08:26)} 29. Bd3 {(01:40)} Bf7 {(01:
50)} 30. Bf1 {(00:43)} Kf8 {(03:19)} 31. Bb4 {(05:39)} Ke7
{(01:16)} 32. f3 {(00:46)} Rdc8 {(08:39)} 33. Kf2 {
(03:00)} Rc6 {(01:05)} 34. Rc3 {(00:55)} Rac8 {(01:
32)} 35. Be2 {(01:13)} g6 {(04:58)} 36. Nf1 {(01:03)} Ncb7
{(00:22)} 37. Ne3 {(01:19)} Nxc4 {(01:24)} 38. Bxc4 {
(02:08)} Bxc4 {(00:12)} 39. Rdc1 {(01:01)} b5 {(00:
40)} 40. Rd1 {(00:00)} Bb3 {(00:00)} 41. Rxc6 {(14:49)}
Rxc6 {(03:38)} 42. Rh1 {(00:04)} Nc5 {(07:53)} 43. h4 {
(04:49)} Nd3+ {(00:41)} 44. Ke2 {(00:22)} Nxb4 {(
12:49)} 45. axb4 {(03:26)} gxh4 {(03:21)} 46. Rxh4 {(00:
07)} Rc1 {(07:04)} 47. Kd2 {(00:23)} Rb1 {(00:42)} 48. Kc3
{(00:18)} Rc1+ {(00:29)} 49. Kd2 {(00:13)} Rb1 {(
05:51)} 50. Kc3 {(01:09)} Bg8 {(01:16)} 51. Rh8 {(02:19)}
Kf8 {(00:36)} 52. Nc2 {(03:06)} Kg7 {(02:24)} 53. Rh2 {
(00:14)} Rc1 {(01:13)} 54. Kd2 {(00:22)} Rb1 {(01:
09)} 55. Kc3 {(00:24)} Rc1 {(00:03)} 56. Kd2 {(00:53)} Rf1
{(00:31)} 57. Na3 {(01:19)} Rf2+ {(00:18)} 58. Kc1 {
(05:58)} Rf1+ {(00:22)} 59. Kd2 {(00:41)} Rf2+ {(
00:01)} 60. Kc1 {(00:08)} d5 {(00:23)} 61. exd5 {(03:43)}
Bxd5 {(00:06)} 62. Nxb5 {(00:04)} Bxf3 {(01:21)} 63. Nd6 {
(01:37)} Bd5 {(02:15)} 64. Rh3 {(06:20)} Bb3 {(00:
49)} 65. Rd3 {(00:22)} Rc2+ {(00:23)} 66. Kb1 {(00:01)}
Rxg2 {(00:08)} 67. Kc1 {(00:02)} e4 {(01:36)} 68. Nxe4
Rc2+ {(00:16)} 69. Kb1 {(02:55)} Re2 {(00:07)} 70. Rd7+ {
(00:03)} Kh6 {(00:17)} 0-1

[Event "42nd Olympiad Baku 2016 Open"]
[Site "Baku"]
[Date "2016.09.06"]
[Round "5.23"]
[White "Vera Siguenas, Deivy"]
[Black "Lazov, Toni"]
[Result "1-0"]
[ECO "B90"]
[WhiteElo "2499"]
[BlackElo "2288"]
[Annotator ""]
[PlyCount "99"]
[EventDate "2016.??.??"]
[EventType "team-tourn"]
[EventCountry "AZE"]
[SourceTitle "playchess.com"]
[Source "ChessBase"]
[WhiteTeam "Peru"]
[BlackTeam "Macedonia"]
[WhiteTeamCountry "PER"]
[BlackTeamCountry "MKD"]
[TimeControl "40/5400+30:1800+30"]

1. e4 {(00:00)} c5 {(00:00)} 2. Nf3 {(00:00)} d6 {(
00:00)} 3. d4 {(00:00)} Nf6 {(00:03)} 4. Nc3 {(00:00)}
cxd4 {(00:03)} 5. Nxd4 {(00:00)} a6 {(00:16)} 6. Be3 {
(00:05)} e5 {(00:11)} 7. Nb3 {(00:04)} Be6 {(00:05]
} 8. f3 {(00:05)} Be7 {(00:04)} 9. Qd2 {(00:03)} O-O {
(00:11)} 10. O-O-O {(00:14)} Nbd7 {(00:44)} 11. g4 {
(00:14)} b5 {(00:04)} 12. g5 {(00:16)} b4 {(00:29)}
13. gxf6 {(00:28)} bxc3 {(00:08)} 14. Qxc3 {(00:04)} Nxf6
{(00:14)} 15. Na5 {(00:27)} Rc8 {(00:22)} 16. Nc6 {
(00:13)} Qe8 {(00:13)} 17. Nxe7+ {(00:15)} Qxe7 {(
00:01)} 18. Qa5 {(00:32)} Rc6 {(00:22)} 19. Rg1 {(00:49)}
Rfc8 {(00:34)} 20. c3 Qd8 {(39:33)} 21. Qxd8+ {(09:35)}
Rxd8 {(01:56)} 22. Kb1 {(00:31)} d5 {(11:38)} 23. Bg5 {
(21:03)} Kf8 {(03:53)} 24. Rg2 {(00:52)} Rd7 {(21:
49)} 25. Bxf6 {(06:27)} gxf6 {(00:09)} 26. Rgd2 {(00:08)}
Rcd6 {(00:51)} 27. c4 {(01:50)} d4 {(01:04)} 28. c5 {
(03:56)} Rc6 {(00:06)} 29. b4 {(00:22)} Rb7 {(01:
14)} 30. Rb2 {(00:07)} f5 {(08:33)} 31. Bd3 {(00:31)} f4 {
(00:07)} 32. Rc1 {(00:36)} Rbc7 {(03:18)} 33. a3 {(
21:37)} Bd7 {(05:30)} 34. Rg1 {(01:14)} h6 {(00:55)} 35.
Rbg2 {(02:28)} Ra7 {(00:19)} 36. Bc4 {(02:27)} a5 {
(02:17)} 37. Rg7 {(02:07)} Rf6 {(00:41)} 38. Rg8+ {
(12:54)} Ke7 {(00:00)} 39. Rb8 {(00:13)} axb4 40. axb4 {
(00:00)} Be6 {(00:00)} 41. Bxe6 {(07:05)} Rxe6 {(
03:13)} 42. b5 {(00:08)} d3 {(04:40)} 43. Rgg8 {(13:08)}
Rd7 {(07:18)} 44. Rge8+ {(01:24)} Kf6 {(00:02)} 45. Rxe6+
{(01:18)} Kxe6 {(00:15)} 46. Re8+ {(00:16)} Kf6 {(
00:25)} 47. Kc1 {(00:04)} Rd4 {(01:37)} 48. Kd2 {(00:28)}
Rb4 {(03:24)} 49. c6 {(00:37)} Rb2+ {(01:13)} 50. Kxd3 {
(00:07)} 1-0

[Event "42nd Olympiad Baku 2016 Open"]
[Site "Baku"]
[Date "2016.09.06"]
[Round "5.1"]
[White "Volodin, Aleksandr"]
[Black "Gretarsson, Hjorvar Steinn"]
[Result "0-1"]
[ECO "A40"]
[WhiteElo "2473"]
[BlackElo "2547"]
[Annotator ""]
[PlyCount "120"]
[EventDate "2016.??.??"]
[EventType "team-tourn"]
[EventCountry "AZE"]
[SourceTitle "playchess.com"]
[Source "ChessBase"]
[WhiteTeam "Estonia"]
[BlackTeam "Iceland"]
[WhiteTeamCountry "EST"]
[BlackTeamCountry "ISL"]
[TimeControl "40/5400+30:1800+30"]

1. d4 {(00:00)} Nf6 {(00:00)} 2. c4 {(00:30)} e6 {(
00:00)} 3. g3 {(00:18)} d5 {(00:23)} 4. Nf3 {(06:02)} Bb4+
{(00:06)} 5. Bd2 {(01:57)} Be7 {(00:04)} 6. Bg2 {(
02:07)} O-O {(00:48)} 7. Qc2 {(03:09)} c6 {(01:18)} 8. O-O
{(01:10)} Nbd7 {(00:05)} 9. Rd1 {(00:45)} a5 {(00:
31)} 10. b3 {(11:47)} b5 {(01:42)} 11. Nc3 {(14:26)} Ba6 {
(00:51)} 12. cxd5 {(08:13)} cxd5 {(01:03)} 13. Bg5 {
(05:24)} b4 {(07:11)} 14. Na4 {(00:32)} Rc8 {(00:
31)} 15. Qb2 {(00:28)} Bb5 {(01:47)} 16. Bxf6 {(04:18)}
Nxf6 {(08:04)} 17. Nc5 {(06:22)} Bxc5 {(02:40)} 18. dxc5 {
(00:04)} Rxc5 {(02:05)} 19. a3 {(00:04)} Ne4 {(10:
51)} 20. axb4 {(01:05)} axb4 {(00:11)} 21. Nd4 {(06:06)}
Nc3 {(01:49)} 22. Rd2 {(00:09)} Qb6 {(01:46)} 23. Bf3 {
(03:23)} Bd7 {(05:58)} 24. e3 {(03:57)} e5 {(06:13]
} 25. Nc2 {(01:09)} Bf5 {(03:37)} 26. Ne1 {(01:12)} h6 {
(06:28)} 27. Bg2 {(02:09)} f6 {(07:03)} 28. h4 {(
02:25)} Kh8 {(02:28)} 29. Kh2 {(01:02)} Rfc8 {(01:13)} 30.
Kg1 {(08:30)} Ra5 {(03:46)} 31. Kh2 {(01:21)} Rca8 {
(03:38)} 32. Rxa5 {(00:10)} Rxa5 {(00:53)} 33. Qc1 {
(00:35)} Qa6 {(07:44)} 34. Nc2 {(00:18)} Bxc2 {(01:
07)} 35. Rxc2 {(01:33)} Ra1 {(01:06)} 36. Rxc3 {(00:21)}
Rxc1 {(00:23)} 37. Rxc1 {(00:04)} Qd3 {(02:32)} 38. Rc8+ {
(01:59)} Kh7 {(00:05)} 39. Rd8 {(00:48)} Qc2 {(05:
00)} 40. Kg1 {(00:00)} Qxb3 {(00:00)} 41. Bxd5 {(04:55)}
Qc2 {(10:21)} 42. Kg2 {(06:49)} Qc7 {(06:25)} 43. Rf8 {
(06:29)} Qd6 {(01:56)} 44. Bg8+ {(08:17)} Kh8 {(01:
57)} 45. Rc8 {(01:34)} g6 {(00:54)} 46. Bd5+ {(02:10)} Kg7
{(00:19)} 47. e4 {(00:04)} f5 {(02:40)} 48. Ra8 {(
03:16)} fxe4 {(04:19)} 49. Ra7+ {(00:34)} Kf8 {(00:08)}
50. Bxe4 {(00:07)} Qd4 {(01:58)} 51. Ra8+ {(00:34)} Ke7 {
(00:09)} 52. f3 {(00:21)} g5 {(02:07)} 53. hxg5 {(
00:27)} hxg5 {(00:12)} 54. Rg8 {(04:18)} b3 {(01:06)} 55.
Rg7+ {(00:13)} Kf6 {(00:39)} 56. Rb7 {(00:20)} g4 {
(00:31)} 57. Rb8 {(01:16)} b2 {(01:05)} 58. Rf8+ {(
00:45)} Ke7 {(00:18)} 59. Rf5 {(00:18)} Ke6 {(00:52)} 60.
Rf8 {(00:33)} Qxe4 {(00:45)} 0-1

[Event "42nd Olympiad Baku 2016 Open"]
[Site "Baku"]
[Date "2016.09.06"]
[Round "5.36"]
[White "Volpinari, Danilo"]
[Black "Michel Yunis, Christian D"]
[Result "0-1"]
[ECO "B40"]
[WhiteElo "1976"]
[BlackElo "2234"]
[Annotator ""]
[PlyCount "80"]
[EventDate "2016.??.??"]
[EventType "team-tourn"]
[EventCountry "AZE"]
[SourceTitle "playchess.com"]
[Source "ChessBase"]
[WhiteTeam "San Marino"]
[BlackTeam "Palestine"]
[WhiteTeamCountry "SMR"]
[BlackTeamCountry "PLE"]
[TimeControl "40/5400+30:1800+30"]

1. e4 {(00:00)} c5 {(00:00)} 2. Nf3 {(00:10)} e6 {(
00:00)} 3. d3 {(00:43)} Nc6 {(00:41)} 4. g3 {(00:40)} g6 {
(02:43)} 5. Bg2 {(00:15)} Bg7 {(00:11)} 6. O-O {(
01:06)} Nge7 {(00:20)} 7. Re1 {(02:02)} d6 {(04:54)} 8. c3
{(05:35)} e5 {(10:34)} 9. Be3 {(06:57)} O-O {(01:
40)} 10. a4 {(02:22)} b6 {(06:14)} 11. Na3 {(01:21)} d5 {
(05:22)} 12. exd5 {(23:08)} Nxd5 {(00:08)} 13. Bc1 {
(00:45)} Bb7 {(12:36)} 14. Nc4 {(02:33)} Re8 {(02:
55)} 15. Qc2 {(05:32)} Qc7 {(07:20)} 16. Bd2 {(02:48)}
Rad8 {(01:03)} 17. Rad1 {(00:37)} h6 {(01:11)} 18. Bc1 {
(00:38)} f5 {(01:45)} 19. Re2 {(04:55)} Ba6 {(04:
08)} 20. Nh4 {(07:47)} Qf7 {(00:08)} 21. f4 {(10:06)} e4 {
(04:44)} 22. Rde1 {(01:45)} Ndb4 {(17:29)} 23. cxb4 {
(04:22)} Nxb4 {(00:02)} 24. Qb1 {(01:45)} Nxd3 {(
00:09)} 25. b3 {(02:57)} Bd4+ {(02:59)} 26. Be3 {(03:32)}
Bxc4 {(02:12)} 27. bxc4 {(00:02)} Nxe1 {(02:46)} 28. Rxe1
{(02:32)} g5 {(01:41)} 29. Bxd4 {(00:35)} Rxd4 {(
00:51)} 30. fxg5 {(00:09)} hxg5 {(00:19)} 31. Nxf5 {(03:
47)} Qxf5 {(00:03)} 32. Rf1 {(00:08)} Qe6 {(01:58)} 33.
Qc1 {(00:26)} Qe5 {(01:15)} 34. Qc2 {(02:17)} Kg7 {
(00:32)} 35. Qe2 {(00:31)} Rf8 {(01:47)} 36. Re1 {(
00:21)} e3 {(00:14)} 37. Bd5 {(01:18)} Rf2 {(02:20)} 38.
Qxe3 {(00:44)} Qxe3 {(00:02)} 39. Rxe3 {(00:06)} Ra2 {
(00:12)} 40. Re1 {(00:00)} Rdd2 {(00:00)} 0-1

[Event "42nd Olympiad Baku 2016 Open"]
[Site "Baku"]
[Date "2016.09.06"]
[Round "5.2"]
[White "Wanyama, Harold"]
[Black "Li Ying, Patrick"]
[Result "1-0"]
[ECO "D35"]
[WhiteElo "2251"]
[BlackElo "2131"]
[Annotator ""]
[PlyCount "97"]
[EventDate "2016.??.??"]
[EventType "team-tourn"]
[EventCountry "AZE"]
[SourceTitle "playchess.com"]
[Source "ChessBase"]
[WhiteTeam "Uganda"]
[BlackTeam "Mauritius"]
[WhiteTeamCountry "UGA"]
[BlackTeamCountry "MRI"]
[TimeControl "40/5400+30:1800+30"]

1. d4 {(00:00)} Nf6 {(00:00)} 2. c4 {(00:00)} e6 {(
00:00)} 3. Nc3 {(00:00)} d5 {(00:06)} 4. Bf4 {(00:23)} c6
{(02:35)} 5. e3 {(00:23)} Be7 {(00:35)} 6. Nf3 {(
00:53)} Nbd7 {(01:12)} 7. h3 {(05:03)} O-O {(00:22)} 8.
Qc2 {(01:09)} b6 {(01:12)} 9. cxd5 {(03:43)} exd5 {
(00:38)} 10. Bd3 {(00:34)} Bb7 {(00:20)} 11. g4 {(
01:08)} g6 {(09:36)} 12. h4 {(04:31)} c5 {(01:22)} 13. g5
{(03:03)} Nh5 {(00:36)} 14. Bh2 {(01:09)} c4 {(00:
29)} 15. Be2 {(00:24)} a6 {(00:59)} 16. Ne5 {(00:46)} Nxe5
{(01:41)} 17. Bxe5 {(00:10)} Bd6 {(00:23)} 18. Bxh5 {
(06:09)} Bxe5 {(00:14)} 19. dxe5 {(18:43)} d4 {(12:
41)} 20. Ne4 {(19:26)} d3 {(00:48)} 21. Qxc4 {(00:35)}
Bxe4 {(00:25)} 22. Qxe4 {(00:16)} gxh5 {(05:09)} 23. Rd1 {
(00:13)} Re8 {(01:34)} 24. Rxd3 {(01:39)} Qc7 {(00:
12)} 25. e6 {(01:19)} fxe6 {(03:03)} 26. O-O {(01:58)}
Rad8 {(00:16)} 27. Rxd8 {(01:57)} Qxd8 {(00:07)} 28. Rc1 {
(00:13)} e5 {(07:59)} 29. Rc6 {(03:07)} Rf8 {(08:
33)} 30. Qc2 {(05:20)} Qd7 {(02:55)} 31. Qc4+ {(00:26)}
Kh8 {(01:17)} 32. Rf6 {(02:39)} Rxf6 {(10:39)} 33. gxf6 {
(00:19)} h6 {(00:32)} 34. Qe4 {(04:43)} Qg4+ {(03:
23)} 35. Qxg4 {(01:04)} hxg4 {(00:05)} 36. h5 {(00:29)}
Kg8 {(01:09)} 37. Kg2 {(00:05)} Kf7 {(00:04)} 38. Kg3 {
(00:05)} Kxf6 {(00:26)} 39. Kxg4 {(00:08)} b5 {(00:
45)} 40. e4 {(00:00)} a5 {(00:00)} 41. f4 {(00:39)} exf4
42. Kxf4 b4 {(01:17)} 43. b3 {(00:38)} Ke6 {(00:35)} 44.
e5 {(00:08)} Ke7 {(00:19)} 45. Kf5 {(00:18)} Kf7 {(
00:08)} 46. e6+ {(00:18)} Ke7 {(00:14)} 47. Ke5 {(00:42)}
Ke8 {(00:18)} 48. Kf6 {(00:00)} Kf8 {(00:05)} 49. Kg6 {
(00:01)} 1-0

[Event "42nd Olympiad Baku 2016 Open"]
[Site "Baku"]
[Date "2016.09.06"]
[Round "5.17"]
[White "Wastney, Scott"]
[Black "Ampie, Mauro"]
[Result "0-1"]
[ECO "B48"]
[WhiteElo "2312"]
[BlackElo "2348"]
[Annotator ""]
[PlyCount "104"]
[EventDate "2016.??.??"]
[EventType "team-tourn"]
[EventCountry "AZE"]
[SourceTitle "playchess.com"]
[Source "ChessBase"]
[WhiteTeam "New Zealand"]
[BlackTeam "Nicaragua"]
[WhiteTeamCountry "NZL"]
[BlackTeamCountry "NCA"]
[TimeControl "40/5400+30:1800+30"]

1. e4 {(00:00)} c5 {(00:00)} 2. Nf3 {(00:00)} e6 {(
00:00)} 3. d4 {(00:00)} cxd4 {(00:00)} 4. Nxd4 {(00:00)}
Nc6 {(00:00)} 5. Nc3 {(00:00)} Qc7 {(00:09)} 6. Be3 {
(00:12)} a6 {(00:10)} 7. Qf3 {(00:15)} Bd6 {(05:20]
} 8. O-O-O {(01:43)} Be5 {(03:58)} 9. g3 {(01:12)} Nf6 {
(07:51)} 10. Qe2 {(03:06)} O-O {(08:19)} 11. f4 {(
22:39)} Bxd4 {(00:06)} 12. Bxd4 {(00:07)} Nxd4 {(00:15)}
13. Rxd4 {(00:05)} e5 {(01:39)} 14. Rc4 {(03:39)} Qb8 {
(06:49)} 15. Nd5 {(14:07)} Nxd5 {(00:35)} 16. exd5 {
(00:05)} d6 {(02:28)} 17. Qh5 {(07:00)} b5 {(06:45]
} 18. Rb4 {(02:31)} Qa7 {(09:37)} 19. Bd3 {(04:14)} f5 {
(03:15)} 20. fxe5 {(01:35)} dxe5 {(00:24)} 21. Rh4 {
(01:10)} g6 {(01:00)} 22. Qh6 {(10:20)} Qg7 {(02:
43)} 23. Qg5 {(02:08)} Bb7 {(01:27)} 24. Rd1 {(07:03)}
Bxd5 {(02:23)} 25. Bxb5 {(02:49)} Bxa2 {(05:24)} 26. Bc4+
{(06:09)} Bxc4 {(00:07)} 27. Rxc4 {(00:01)} Qf6 {(
03:22)} 28. Qh6 {(01:19)} Rfd8 {(02:33)} 29. Rxd8+ {(05:
25)} Rxd8 {(01:49)} 30. Qe3 {(00:35)} Qd6 {(01:31)} 31.
Kb1 {(00:26)} Qd1+ {(03:54)} 32. Ka2 {(00:14)} Qd5 {
(02:39)} 33. b3 {(00:44)} Qa5+ {(02:11)} 34. Ra4 {(
00:31)} Qd2 {(03:00)} 35. Qc5 {(00:54)} Qd5 {(02:57)} 36.
Qc7 {(01:22)} Rd6 {(04:04)} 37. Rb4 {(01:15)} Rd7 {
(00:51)} 38. Qc8+ {(01:24)} Kg7 {(05:40)} 39. Rb8 {
(00:59)} Qd6 {(00:31)} 40. Qg8+ {(00:00)} Kh6 {(00:
00)} 41. Rc8 {(16:19)} Rc7 {(02:24)} 42. Rxc7 {(02:42)}
Qxc7 {(00:05)} 43. Qf8+ {(00:20)} Kh5 {(06:16)} 44. Kb1 {
(03:24)} e4 {(03:50)} 45. Qf6 {(01:38)} Kg4 {(00:
48)} 46. Qxa6 {(01:05)} Qc3 {(03:39)} 47. Qb7 {(07:10)} e3
{(07:46)} 48. Qxh7 {(00:20)} e2 {(01:35)} 49. Qxg6+ {
(00:21)} Kf3 {(00:42)} 50. Qxf5+ {(00:49)} Kg2 {(
00:30)} 51. Qe4+ {(02:25)} Kf2 {(01:25)} 52. Qf4+ {(01:06]
} Kg1 {(00:17)} 0-1

[Event "42nd Olympiad Baku 2016 Open"]
[Site "Baku"]
[Date "2016.09.06"]
[Round "5.9"]
[White "Weerawardane, Romesh"]
[Black "Tapia, Alexei"]
[Result "1-0"]
[ECO "D15"]
[WhiteElo "2120"]
[BlackElo "2183"]
[Annotator ""]
[PlyCount "141"]
[EventDate "2016.??.??"]
[EventType "team-tourn"]
[EventCountry "AZE"]
[SourceTitle "playchess.com"]
[Source "ChessBase"]
[WhiteTeam "Sri Lanka"]
[BlackTeam "Panama"]
[WhiteTeamCountry "SRI"]
[BlackTeamCountry "PAN"]
[TimeControl "40/5400+30:1800+30"]

1. d4 {(00:00)} d5 {(00:00)} 2. c4 {(00:00)} c6 {(
00:00)} 3. Nf3 {(00:00)} Nf6 {(00:30)} 4. Nc3 {(00:00)} a6
{(00:00)} 5. e3 {(01:02)} Bf5 {(00:30)} 6. Be2 {(
04:08)} e6 {(01:18)} 7. Nh4 {(02:54)} Bg6 {(00:18)} 8. O-O
{(01:23)} Bd6 {(01:48)} 9. c5 {(02:09)} Bc7 {(00:
44)} 10. f4 {(02:13)} Ne4 {(08:10)} 11. Nxg6 {(01:04)}
Nxc3 {(00:19)} 12. bxc3 {(00:15)} hxg6 {(00:07)} 13. g3 {
(00:33)} Nd7 {(01:36)} 14. Qc2 {(05:40)} O-O {(04:
33)} 15. Bf3 {(10:18)} b6 {(04:51)} 16. cxb6 {(08:30)}
Bxb6 {(00:57)} 17. Kh1 {(05:19)} Qc7 {(03:50)} 18. c4 {
(01:41)} c5 {(05:02)} 19. cxd5 {(11:28)} exd5 {(02:
39)} 20. Bxd5 {(00:42)} Rad8 {(00:16)} 21. Bf3 {(03:05)}
Nf6 {(01:09)} 22. dxc5 {(09:07)} Qxc5 {(00:50)} 23. Qxc5 {
(00:37)} Bxc5 {(00:02)} 24. e4 {(00:44)} Rb8 {(00:
56)} 25. Bd2 {(02:35)} Rfd8 {(02:22)} 26. Bc3 {(06:27)}
Rd3 {(06:25)} 27. Be5 {(00:26)} Rbd8 {(00:06)} 28. Rac1 {
(03:57)} Nd7 {(00:44)} 29. Ba1 {(03:23)} Be3 {(04:
04)} 30. Rc3 {(03:20)} Nc5 {(00:54)} 31. e5 {(02:10)} a5 {
(03:28)} 32. Be2 {(03:24)} Rxc3 {(01:25)} 33. Bxc3 {
(00:03)} Ne4 {(00:27)} 34. Bxa5 {(04:04)} Ra8 {(01:
56)} 35. Be1 {(00:54)} Rxa2 {(01:15)} 36. Bc4 {(00:21)}
Ra1 {(02:26)} 37. Kg2 {(02:08)} Bd2 {(00:35)} 38. Bxd2 {
(01:00)} Rxf1 {(00:08)} 39. Bxf1 {(00:13)} Nxd2 {(
00:06)} 40. Bd3 {(00:00)} Kf8 {(00:00)} 41. Kf2 {(00:49)}
Nb3 {(02:31)} 42. Ke3 {(00:07)} Ke7 {(00:19)} 43. Bc4 {
(00:38)} Nc5 {(00:26)} 44. Kd4 {(00:45)} Nd7 {(01:
05)} 45. Ba6 {(04:55)} Nf8 {(03:59)} 46. Bc8 {(00:24)} f6
{(06:32)} 47. h4 {(02:08)} Nh7 {(00:58)} 48. Kd5 {(
00:45)} Nf8 {(04:09)} 49. Bh3 {(01:02)} Nh7 {(12:44)} 50.
Bc8 {(11:51)} Nf8 {(02:58)} 51. Bh3 {(03:53)} Nh7 {
(00:16)} 52. Bf1 {(00:07)} Nf8 {(03:14)} 53. Bd3 {(
02:27)} Kd7 {(02:24)} 54. Bb1 {(00:22)} Ke7 {(00:08)} 55.
Bc2 {(00:03)} Kd7 {(00:09)} 56. f5 {(06:24)} gxf5 {
(09:56)} 57. exf6 {(00:08)} gxf6 {(01:50)} 58. Bxf5+ {
(00:07)} Ke7 {(00:14)} 59. Ke4 {(02:50)} Kf7 {(00:
44)} 60. Kf4 {(00:07)} Kg7 {(00:11)} 61. h5 {(01:32)} Kh6
{(00:10)} 62. g4 {(00:23)} Kg7 {(00:46)} 63. Ke4 {(
00:17)} Kh6 {(01:50)} 64. Kd5 {(00:48)} Kg7 {(00:30)} 65.
Kd6 {(00:06)} Kf7 {(00:05)} 66. h6 {(01:31)} Ng6 {(
00:33)} 67. Bxg6+ {(00:47)} Kxg6 {(00:02)} 68. Ke6 {(00:
11)} Kxh6 {(00:09)} 69. Kxf6 {(00:02)} Kh7 {(00:13)} 70.
g5 {(00:06)} Kg8 {(02:14)} 71. Kg6 {(00:11)} 1-0

[Event "42nd Olympiad Baku 2016 Open"]
[Site "Baku"]
[Date "2016.09.06"]
[Round "5.4"]
[White "Wei, Yi"]
[Black "Volokitin, Andrei"]
[Result "1/2-1/2"]
[ECO "B97"]
[WhiteElo "2717"]
[BlackElo "2647"]
[Annotator ""]
[PlyCount "63"]
[EventDate "2016.??.??"]
[EventType "team-tourn"]
[EventCountry "AZE"]
[SourceTitle "playchess.com"]
[Source "ChessBase"]
[WhiteTeam "China"]
[BlackTeam "Ukraine"]
[WhiteTeamCountry "CHN"]
[BlackTeamCountry "UKR"]
[TimeControl "40/5400+30:1800+30"]

1. e4 {(00:00)} c5 {(00:00)} 2. Nf3 {(00:00)} d6 {(
00:00)} 3. d4 {(00:00)} cxd4 {(00:00)} 4. Nxd4 {(00:00)}
Nf6 {(00:00)} 5. Nc3 {(00:00)} a6 {(00:00)} 6. Bg5 {
(00:36)} e6 {(00:09)} 7. f4 {(00:07)} Qb6 {(00:06)}
8. Qd3 {(04:39)} Qxb2 {(00:19)} 9. Rb1 {(00:28)} Qa3 {
(00:03)} 10. f5 {(01:01)} Be7 {(04:17)} 11. fxe6 {(
02:46)} fxe6 {(00:23)} 12. Be2 {(00:24)} Qa5 {(01:08)} 13.
Bd2 {(01:26)} Qc7 {(00:46)} 14. g4 {(00:21)} h6 {(
02:05)} 15. Qh3 {(18:33)} O-O {(18:30)} 16. g5 {(03:23)}
hxg5 {(00:44)} 17. Nxe6 {(00:19)} Qc6 {(01:13)} 18. Qf5 {
(27:22)} Re8 {(43:52)} 19. Nd5 {(05:33)} Bd8 {(01:
31)} 20. Nxd8 {(00:16)} Bxf5 {(01:59)} 21. Nxf6+ {(03:49)}
gxf6 {(00:08)} 22. Nxc6 {(00:03)} Rxe4 {(15:35)} 23. Nxb8
{(02:51)} Bg4 {(00:07)} 24. O-O {(00:12)} Rxe2 {(
00:21)} 25. Rxb7 {(05:12)} Bc8 {(00:50)} 26. Rb6 {(08:15)}
Rxd2 {(00:07)} 27. Rxf6 {(00:10)} Kg7 {(01:24)} 28. Rf2 {
(06:23)} Rd1+ {(00:08)} 29. Rf1 {(00:34)} Rd2 {(00:
10)} 30. Rf2 {(00:17)} Rd1+ {(00:12)} 31. Rf1 {(00:10)}
Rd2 {(05:23)} 32. Rf2 1/2-1/2